AoeStats
← Jim_Raynor

Nomad

509989828Analyzed
3v3 RM · 3d ago on Sep 28, 2026· 19m 31s· 6 players
Game mode
Random Map
Map size
210×210
Population
200
Speed
Normal
Resources
Standard
Victory
Conquest
Starting age
Dark Age
Ending age
Imperial Age
RankedLock teamsTeams togetherTeam positionsShared explorationLock speedFull tech treeHidden civsTurbo modeCheats
Victory
Defeat
🇺🇸 Varangians · United States
1306
+13
🇵🇪 Lithuanians · Peru
1248
+15
🇲🇽 Celts · Mexico
1228
+16
🇺🇸 Burmese · United States
1310
-17
🇦🇷 Turks · Argentina
1252
-15
🇨🇦 Italians · Canada
1152
-12
GUILLOTINA
4:53 Loom
14:28 Feudal Age
15:50 Double-Bit Axe
16:14 Gold Mining
yogieberere
6:07 Loom
14:34 Feudal Age
18:04 Castle Age
16:06 Town Watch
19:00 Fishing Lines
Escala
5:54 Loom
12:49 Feudal Age
15:43 Double-Bit Axe
17:05 Fletching
20:39 Castle Age
18:54 Gold Mining
Snorkiss89
12:37 Loom
15:13 Feudal Age
15:42 Town Watch
19:37 Castle Age
Zinkx
5:49 Loom
14:28 Feudal Age
14:58 Town Watch
16:12 Double-Bit Axe
18:39 Wheelbarrow
Jim_Raynor
4:41 Loom
13:57 Feudal Age
18:27 Castle Age
16:17 Double-Bit Axe
17:59 Bloodlines
18:19 Horse Collar
18:38 Fishing Lines
18:55 Town Watch
Connection lost

Rejoining the realm…

Still unreachable

The connection could not be restored.

Session expired

The server has moved on; the page needs a fresh start.